 Dungeon Crawl Stone Soup version 0.18-b1-14-g029dad2 (webtiles) character file.

151 Sand the Insei (level 5, -12/33 HPs)
             Began as an Octopode Transmuter on Apr 30, 2016.
             Was an Initiate of Makhleb.
             Mangled by an iguana (15 damage)
             ... on level 3 of the Dungeon.
             The game lasted 00:36:59 (3416 turns).

Sand the Insei (Octopode Transmuter)                Turns: 3416, Time: 00:37:00

Health: -12/33     AC:  1    Str: 10    XL:     5   Next: 33%
Magic:  7/8        EV: 12    Int: 16    God:    Makhleb [......]
Gold:   123        SH:  0    Dex: 12    Spells: 2 memorised, 4 levels left

rFire  . . .     SeeInvis .       - Unarmed
rCold  . . .     Gourm    .     (no shield)
rNeg   . . .     Faith    .     (helmet restricted)
rPois  .         Spirit   .     (no amulet)
rElec  .         Dismiss  .     (no ring)
rCorr  .         Reflect  .     (no ring)
SustAt .         Harm     .     (no ring)
MR     .....                    (no ring)
Stlth  ++........               (no ring)
                                (no ring)
                                (no ring)
                                (no ring)

@: appendage, not resistant to hostile enchantments, unstealthy
A: almost no armour, amphibious, 8 rings, constrict 8, tentacle spike 3,
camouflage 1, gelatinous body 1
a: End Transformation, Renounce Religion


You were on level 3 of the Dungeon.
You worshipped Makhleb.
Makhleb was noncommittal.
You were not hungry.
One of your tentacles had a temporary spike.
You visited 1 branch of the dungeon, and saw 4 of its levels.

You collected 123 gold pieces.

Inventory:

Hand Weapons
 b - a +0 hunting sling
 q - a +1 hunting sling of flaming
Missiles
 a - 37 arrows
 e - 38 sling bullets
Scrolls
 f - 2 scrolls of remove curse {unknown}
 g - a scroll of fog {unknown}
 h - 2 scrolls of random uselessness {unknown}
 i - a scroll of enchant weapon {unknown}
 j - a scroll of enchant armour {unknown}
 o - a scroll of amnesia {unknown}
Potions
 d - a potion of flight
 k - a potion of curing
 p - a potion of mutation {unknown}
Books
 n - a book of Changes

   Spells                             Type                      Level
   a - Beastly Appendage              Transmutation                1
   b - Sticks to Snakes               Transmutation                2
   c - Spider Form                    Transmutation/Poison         3
   d - Ice Form                       Ice/Transmutation            4
   e - Blade Hands                    Transmutation                5
Comestibles
 c - a bread ration
 l - a meat ration
 m - 2 chunks of flesh


   Skills:
 - Level 1.0 Fighting
 - Level 2.0 Dodging
 - Level 5.3 Unarmed Combat
 - Level 2.0 Spellcasting
 * Level 3.1 Transmutations


You had 4 spell levels left.
You knew the following spells:

 Your Spells              Type           Power        Failure   Level  Hunger
a - Beastly Appendage     Trmt           ##....       8%          1    #......
b - Spider Form           Trmt/Pois      #.........   34%         3    ###....


Dungeon Overview and Level Annotations

Branches:
Dungeon (4/15)
 Temple: D:4-7

Altars:
Makhleb
Okawaru
Sif Muna

Annotations:
D:2 Sigmund


Innate Abilities, Weirdness & Mutations

You cannot wear most types of armour.
You are amphibious.
You can wear up to eight rings at the same time.
You can use your tentacles to constrict eight enemies at once.
Your skin changes colour to match your surroundings (Stealth).
Your rubbery body absorbs attacks (AC +1).
One of your tentacles bears a large vicious spike.


Message History

The iguana hisses menacingly.
Really attack while wielding your +0 hunting sling? [Y]es or [N]o only, please.
Really attack while wielding your +0 hunting sling?
Okay, then.
You are now empty-tentacled.
Casting: Beastly Appendage
Confirm with . or Enter, or press ? or * to list all spells.
One of your tentacles grows a vicious spike.
The iguana bites you.
You closely miss the iguana. You grab the iguana.
You pierce the iguana, but do no damage.
The iguana is moderately wounded.
You constrict the iguana, but do no damage.
The iguana bites you!
* * * LOW HITPOINT WARNING * * *
You tentacle-slap the iguana.
The iguana is moderately wounded.
You constrict the iguana. The iguana bites you!
You die...

#.......##### ##########
#[..o...##..# #........#
##.....##...# #........#
#####.......#.#.#
#........#######.............#.#
#................###............
#####..........######......#.##.
##..............##...........
###..........l@..)...####.####.
#.#...........####........# #.
###.............# ######..## #.
................# ##...### #.
#####..####.##### #..#[..# ##
#..# #.# ##.####.## # ###..# #.#
###..# #..### ##..).# #.#
#####...######..## #..##.# #.#
##...........###.#.


You could see an iguana.

Vanquished Creatures
  7 adders
  An ooze (D:2)
  3 worms (D:3)
  A dart slug (D:3)
  3 giant geckos
  2 orcs (D:3)
  2 ball pythons
  4 giant cockroaches
  8 goblins
  10 hobgoblins
  2 jackals (D:3)
  7 kobolds
  2 quokkas
  4 bats
  5 giant newts
  7 rats
68 creatures vanquished.

Notes
Turn   | Place    | Note
--------------------------------------------------------------
     0 | D:1      | Sand the Octopode Transmuter began the quest for the Orb.
     0 | D:1      | Reached XP level 1. HP: 13/13 MP: 3/3
   195 | D:1      | Reached XP level 2. HP: 18/18 MP: 5/5
   992 | D:1      | Reached skill level 4 in Unarmed Combat
  1129 | D:2      | Reached XP level 3. HP: 2/23 MP: 6/6
  1533 | D:2      | Learned a level 3 spell: Spider Form
  1745 | D:2      | Reached XP level 4. HP: 28/28 MP: 7/7
  1912 | D:2      | Noticed Sigmund
  1966 | D:2      | Reached skill level 5 in Unarmed Combat
  3052 | D:3      | Reached XP level 5. HP: 33/33 MP: 8/8
  3256 | D:3      | Found a burning altar of Makhleb.
  3287 | D:3      | Found an iron altar of Okawaru.
  3291 | D:3      | Found a deep blue altar of Sif Muna.
  3309 | D:3      | Became a worshipper of Makhleb the Destroyer
  3366 | D:4      | Noticed a phantom
  3416 | D:3      | Mangled by an iguana

Skill      XL: |  1  2  3  4  5 |
---------------+----------------+-----
Unarmed Combat | 4 5 |  5.3
Transmutations | 3 |  3.1
Fighting       | |  1.0
Dodging        | |  2.0
Spellcasting   | |  2.0

Action                   |  1- 3 |  4- 6 || total
-------------------------+-------+-------++-------
Melee: Unarmed           |    89 |    86 ||   175
       Constrict         |    20 |    24 ||    44
       Kick              |    12 |    15 ||    27
       Tentacles         |    13 |    12 ||    25
       Punch             |     5 |       ||     5
 Fire: Hunting sling     |       |    27 ||    27
 Cast: Beastly Appendage |    17 |    18 ||    35
  Use: Scroll            |       |     3 ||     3
 Stab: Sleeping          |     5 |     1 ||     6
  Eat: Chunk             |     3 |     1 ||     4
       Bread ration      |       |     1 ||     1
Armor: Skin              |     7 |     5 ||    12
Dodge: Dodged            |    34 |    41 ||    75
